 Dungeon Crawl Stone Soup version 0.27.1-1-g398f81649c (webtiles) character file.

Game seed: 8771312929851340936

39 diana the Ducker (level 3, -4/27 HPs)
             Began as a Djinni Fire Elementalist on Sept 19, 2021.
             Slain by Terence (7 damage)
             ... on level 1 of the Dungeon.
             The game lasted 00:04:31 (2419 turns).

diana the Ducker (Djinni Fire Elementalist)         Turns: 2419, Time: 00:04:31

Health: -4/27      AC:  3    Str:  7    XL:     3   Next: 67%
Gold:   68         EV: 12    Int: 17    God:
                   SH:  0    Dex: 13

rFire    + + .     SeeInvis .   c - +0 short sword
rCold    x . .     Faith    .   (no shield)
rNeg     . . .     Spirit   .   a - +0 robe
rPois    ∞         Reflect  .   (no helmet)
rElec    .         Harm     .   (no cloak)
rCorr    .         Rampage  .   b - +0 pair of gloves
Will     .....                  (boots unavailable)
Stlth    ++........             (no amulet)
HPRegen  0.09/turn              (no ring)
MPRegen  0.00/turn              (no ring)

@: flying, very slightly contaminated
A: sickness immunity, fire resistance 2, cold vulnerability 1, float, innate
caster, hp casting, extra vitality 1
a: no special abilities


You were on level 1 of the Dungeon.
You visited 1 branch of the dungeon, and saw 2 of its levels.

You collected 68 gold pieces.

Inventory:

Hand Weapons
 c - a +0 short sword (weapon)
Armour
 a - a +0 robe (worn)
 b - a +0 pair of gloves (worn)
Scrolls
 d - a scroll of identify {unknown}
 f - a scroll of magic mapping {unknown}
Potions
 e - a potion of curing {unknown}


   Skills:
 + Level 1.2 Fighting
 + Level 0.1 Short Blades
 + Level 1.2 Armour
 + Level 2.7 Dodging
 - Level 1.5 Stealth
 + Level 2.7 Spellcasting


You couldn't memorise any spells.
You knew the following spells:

 Your Spells              Type           Power      Damage    Failure   Level
a - Foxfire               Conj/Fire      44%        2x1d6     6%          1
b - Conjure Flame         Conj/Fire      11%        6-21      19%         3
c - Inner Flame           Hex/Fire       11%        N/A       19%         3
d - Sticky Flame          Conj/Fire      11%        2d3       52%         4
e - Fireball              Conj/Fire      5%         3d5       86%         5
f - Summon Small Mammal   Summ           44%        N/A       6%          1
Your spell library was empty.

Dungeon Overview and Level Annotations

Branches:
Dungeon (2/15)

Altars:
Xom

Annotations:
D:1 Terence


Innate Abilities, Weirdness & Mutations

You are immune to sickness and miasma.
You are immune to poison.
Your flesh is very heat resistant. (rF++)
You are vulnerable to cold. (rC-)
You float through the air rather than walking.
You learn spells naturally, not from books.
Your magical power is your life essence.
You have superior vitality. (+4 HP)


Message History

Your bat hits Terence but does no damage.
Terence closely misses your bat.
Your quokka barely misses Terence.
Your bat barely misses Terence.
Terence hits your bat with a +0 mace!
Your bat dies!
Your bat's corpse disappears in a puff of smoke!
Your quokka barely misses Terence.
Your quokka bites Terence.
You conjure some foxfire!
The foxfire hits Terence but does no damage.
Terence is lightly wounded.
Your foxfire dissipates!
Your quokka bites Terence but does no damage.
Your quokka bites Terence but does no damage.
You miscast Foxfire.
You are very lightly contaminated with residual magic.
Nothing appears to happen.
You conjure some foxfire!
The foxfire hits Terence but does no damage.
Terence is lightly wounded.
The foxfire hits Terence but does no damage.
Terence is lightly wounded.
Your quokka closely misses Terence.
Your quokka bites Terence but does no damage.
You miscast Foxfire.
Nothing appears to happen.
You conjure some foxfire!
Terence hits you with a +0 mace.
* * * LOW HITPOINT WARNING * * *
Your quokka bites Terence but does no damage.
Your foxfire dissipates!
The foxfire hits Terence.
Terence is lightly wounded.
Terence closely misses you.
Your quokka bites Terence but does no damage.
Terence looks scornfully at you.
Your quokka bites Terence but does no damage.
Your quokka bites Terence.
Terence hits you with a +0 mace.
* * * LOW HITPOINT WARNING * * *
Your quokka closely misses Terence.
Your quokka bites Terence but does no damage.
Terence hits you with a +0 mace!
You die...

....# ####.# #.#
#.### #.# #.# #.#
#.###.### #.#
#.##....# ..###
#.##>##.## #...#
#.##.##..# #####
#.##.###.### #
#.##..##...# #
##......@@..# # ###
#..#.#.#.#..#
#####.###...........#
...........#.#.#.#r##
#####.####.........#
# ### #.#.#.#.#.#
##.........#
#..#.#.#.#.#
#..........#


You could see Terence (ally target) and a friendly quokka (summoned).

Vanquished Creatures
  A dart slug (D:1)
  4 bats
  4 endoplasms (D:1)
  4 hobgoblins (D:1)
  7 jackals (D:1)
  3 kobolds
  A quokka (D:1)
  3 ball pythons (D:1)
  2 frilled lizards (D:1)
  2 rats (D:1)
31 creatures vanquished.

Vanquished Creatures (others)
  100 foxfires
100 creatures vanquished.

Grand Total: 131 creatures vanquished

Notes
Turn   | Place    | Note
-------+----------+-------------------------------------------
     0 | D:1      | diana the Djinni Fire Elementalist began the quest for the
                  | Orb.
     0 | D:1      | Reached XP level 1. HP: 15/15 MP: 0/0
   353 | D:1      | Reached XP level 2. HP: 15/22 MP: 0/0
   750 | D:1      | Reached skill level 1 in Fighting
   750 | D:1      | Reached skill level 1 in Armour
   750 | D:1      | Reached XP level 3. HP: 19/27 MP: 0/0
   750 | D:1      | Learned a level 1 spell: Summon Small Mammal
  1943 | D:2      | Found a shimmering altar of Xom.
  2001 | D:2      | Noticed Terence
  2419 | D:1      | Slain by Terence

Illustrated notes

Levels and vault maps discovered:
D:1:      mrwooster_arrival_statue_3, layout_loops_ring,
          serial_co_window_serial, co_window_paths_b, co_window_paths_a,
          co_window_paths_a, co_window_of_opportunity_a, co_window_paths_a,
          co_window_paths_c, co_window_2corner, co_window_corner_ca,
          co_window_paths_c, co_window_4corner_b, glass_columns_a,
          glass_columns_c, glass_columns_c, glass_columns_a, glass_columns_a,
          minmay_heptomino_w4
D:2:      layout_basic, basic_altar, hellmonk_ecumenical_altar_heavens_door,
          uniq_terence

Skill      XL: |  1  2 |
---------------+-------+-----
Fighting       | 1 |  1.2
Armour         | 1 |  1.2
Short Blades   | |  0.1
Dodging        | |  2.7
Stealth        | |  1.5
Spellcasting   | |  2.7

Action                   || total
-------------------------++-------
Melee: Unarmed           ||     2
       Short sword       ||    25
 Cast: Foxfire           ||    67
       Summon Small Mamm ||     4
Armor: Robe              ||    18
Dodge: Dodged            ||    55
